 Dungeon Crawl Stone Soup version 0.28.0-47-ge53b351184 (webtiles) character file.

Game seed: 2996677655955079112

55501 safid the Evangelist (level 14, -3/129 HPs)
             Began as a Hill Orc Fighter on May 5, 2022.
             Was an Elder of Beogh.
             Slain by an orc knight
             ... wielding a +0 great sword
              (49 damage)
             ... on level 2 of the Orcish Mines.
             The game lasted 00:38:23 (19065 turns).

safid the Evangelist (Hill Orc Fighter)            Turns: 19065, Time: 00:38:24

Health: -3/129     AC:  9    Str: 24      XL:     14   Next: 77%
Magic:  6/26       EV: 10    Int:  5 (10) God:    Beogh [****..]
Gold:   1411       SH:  4    Dex: 10      Spells: 13/13 levels left

rFire   + . .      SeeInvis .   j - +7 war axe of the Sugar Beet {protect, rC+ Will+ Int+2}
rCold   + . .      Faith    .   W - +0 buckler {AC+3}
rNeg    + . .      Spirit   .   s - +0 pearl dragon scales
rPois   +          Reflect  .   u - +1 helmet
rElec   .          Harm     .   p - scarf {repulsion}
rCorr   .          Rampage  .   g - +1 pair of gloves
Will    ++...                   l - +0 pair of boots
Stlth   ..........              M - amulet of regeneration
HPRegen 1.11/turn               m - ring of protection from fire
MPRegen 0.20/turn               L - ring of poison resistance

@: corroded, repel missiles
A: no striking features
a: Renounce Religion, Smiting, Recall Orcish Followers


You were on level 2 of the Orcish Mines.
You worshipped Beogh.
Beogh was greatly pleased with you.
You visited 3 branches of the dungeon, and saw 19 of its levels.
You also visited: Sewer.

You collected 1553 gold pieces.
You spent 142 gold pieces at shops.

Inventory:

Hand Weapons
 j - the +7 war axe of the Sugar Beet (weapon) {protect, rC+ Will+ Int+2}
   (You found it on level 4 of the Dungeon)

   It grants its wielder temporary protection when it strikes (+7 to AC).
   Int:       It affects your intelligence (+2).
   rC:        It protects you from cold.
   Will:      It increases your willpower.
 J - a +0 broad axe
 O - the +9 mace of Onaoq {freeze, Dex+2}
   (You took it off a vampire on level 11 of the Dungeon)

   It freezes those it strikes, dealing additional cold damage.
   It can also slow down cold-blooded creatures.
   Dex:       It affects your dexterity (+2).
Missiles
 y - 26 poisoned darts (quivered)
 G - 19 silver boomerangs
Armour
 g - a +1 pair of gloves (worn)
 l - a +0 pair of boots (worn)
 p - a scarf of repulsion (worn)
 s - +0 pearl dragon scales (worn)
 u - a +1 helmet (worn)
 W - a +0 buckler of protection (worn)
Jewellery
 m - a ring of protection from fire (left hand)
 L - a ring of poison resistance (right hand)
 M - an amulet of regeneration (around neck)
 N - a ring of flight
Wands
 b - a wand of digging (6)
 z - a wand of iceblast (14)
 C - a wand of flame (20)
 H - a wand of paralysis (3)
 Q - a wand of polymorph (4)
Scrolls
 k - a scroll of brand weapon {unknown}
 o - a scroll of fear {unknown}
 q - 2 scrolls of enchant armour
 t - a scroll of fog
 x - 4 scrolls of amnesia
 A - 5 scrolls of teleportation
 D - 3 scrolls of magic mapping
 F - a scroll of silence {unknown}
 I - a scroll of summoning {unknown}
 K - a scroll of acquirement {unknown}
 R - a scroll of enchant weapon {unknown}
 S - a scroll of torment {unknown}
 T - a scroll of blinking {unknown}
 U - 2 scrolls of holy word
Potions
 a - 2 potions of resistance
 e - 5 potions of curing
 f - a potion of haste {unknown}
 h - 2 potions of magic
 i - 2 potions of heal wounds
 r - a potion of might
 v - 2 potions of flight
 w - a potion of lignification {unknown}
 B - a potion of ambrosia
 E - a potion of mutation {unknown}
Miscellaneous
 P - a tin of tremorstones (2/2)
 V - a phantom mirror


   Skills:
 + Level 13.2 Fighting
 - Level 16.0 Axes
 + Level 13.0 Armour
 - Level 2.0 Dodging
 - Level 4.0 Shields
 + Level 16.7 Invocations
 + Level 9.3 Evocations


You had 13 spell levels left.
You didn't know any spells.
Your spell library contained the following spells:

 Spells                   Type           Power      Damage    Failure   Level
 Magic Dart               Conj           0%         1d3       85%         1
 Sandblast                Erth           0%         2d4       85%         1
 Slow                     Hex            0%         N/A       85%         1
 Call Imp                 Summ           0%         N/A       94%         2
 Passwall                 Tmut/Erth      0%         N/A       94%         2
 Sublimation of Blood     Necr           0%         N/A       94%         2
 Confusing Touch          Hex            0%         N/A       99%         3
 Dazzling Flash           Conj/Hex       0%         N/A       99%         3
 Frozen Ramparts          Ice            0%         1d2       99%         3
 Mephitic Cloud           Conj/Pois/Air  0%         N/A       99%         3
 Portal Projectile        Hex/Tloc       0%         N/A       99%         3
 Stone Arrow              Conj/Erth      0%         3d7       99%         3
 Vampiric Draining        Necr           0%         2d6       99%         3
 Animate Armour           Summ/Erth      0%         N/A       100%        4
 Animate Dead             Necr           0%         N/A       100%        4
 Ice Form                 Ice/Tmut       0%         N/A       100%        4
 Iskenderun's Mystic Bla  Conj/Tloc      0%         2d3       100%        4
 Petrify                  Tmut/Erth      0%         N/A       100%        4
 Summon Ice Beast         Ice/Summ       0%         N/A       100%        4
 Agony                    Necr           0%         N/A       100%        5
 Blade Hands              Tmut           0%         N/A       100%        5
 Excruciating Wounds      Necr           0%         N/A       100%        5
 Fireball                 Conj/Fire      0%         3d3       100%        5
 Irradiate                Conj/Tmut      0%         3d13      100%        5
 Iskenderun's Battlesphe  Conj           0%         2d6       100%        5
 Silence                  Hex/Air        0%         N/A       100%        5
 Conjure Ball Lightning   Conj/Air       0%         3x3d6     100%        6
 Iron Shot                Conj/Erth      0%         9d1       100%        6
 Starburst                Conj/Fire      0%         6d3       100%        6
 Haunt                    Necr/Summ      0%         N/A       100%        7
 Orb of Destruction       Conj           0%         9d5       100%        7
 Storm Form               Tmut/Air       0%         N/A       100%        7
 Discord                  Hex            0%         N/A       100%        8
 Disjunction              Tloc           0%         N/A       100%        8
 Infestation              Necr           0%         N/A       100%        8
 Lehudib's Crystal Spear  Conj/Erth      0%         10d2      100%        8


Dungeon Overview and Level Annotations

Branches:
Dungeon (11/15)            Temple (0/1) D:4            Lair (6/6) D:11
  Swamp (0/4) Lair:3        Snake (0/4) Lair:3        Slime (0/5) Lair:6
    Orc (2/2) D:11            Elf (0/3) Orc:2         Sewer (visited)

Altars:
Nemelex Xobeh
Uskayaw

Shops:
D:2 (   D:10 (   Orc:2 ?[=

Annotations:
Lair:1 3 runed translucent doors, Cheops's ghost, journeyman VSFi


Message History

The ice devil barely misses you. The orc knight barely misses you.
The orc warrior hits you from afar with a +0 halberd!
The ynoxinul hits your orc warrior.
The ice devil hits you but does no damage.
You block the ufetubus's attack. The ufetubus barely misses you.
Your orc warrior hits the ynoxinul with a +0 dagger!
The rust devil barely misses you.
Your orc wizard barely misses the ice devil.
Your orc hits the ufetubus with a +0 club.
The ufetubus hits your orc warrior.
The ufetubus hits your orc warrior but does no damage.
The neqoxec hits your orc priest!
Your orc hits the ufetubus with a +0 club.
Unknown command.
Unknown command.
Unknown command.
Unknown command.
Unknown command.
Unknown command.
Unknown command.
Unknown command.
Unknown command.
Aiming: Smiting
Press: ? - help, Dir - move target, f/p - orc high priest Smite: an orc high priest, wielding a +0 mace (almost dead, strong, ally target)
You smite the orc high priest!!!
You kill the orc high priest!
Beogh accepts your kill.
Beogh appreciates your killing of a heretic priest.
The rust devil disappears in a puff of smoke!
The neqoxec disappears in a puff of smoke!
Your orc wizard looks more experienced.
Your orc looks more experienced.
You block the ufetubus's attack. The ufetubus barely misses you.
Your orc priest calls upon Beogh to heal your orc priest.
Your orc priest is healed somewhat.
Your orc priest calls upon Beogh to heal your orc priest.
Your orc priest is healed somewhat.
The orc knight hits you with a +0 great sword!!!
You die...
Beogh appreciates the orc knight's killing of a heretic priest.

.........#.####oo......# #
...#.....### #####...##.#
..##..#.## ##...#.....
..#...o## #.$........
oo..o...## ####.........
.........# ###.#.........#
.........#.##..oo.>........
........#.....o5o).........
...#....#....5oo@4T.....$.#
..##....#....3ยง54o.......##
.............5o.o5........
#.##..........).o.........
### .................... .
.)..............
...............
...............


You could see 2 orc knights, an orc high priest (strong), 2 ice devils, a troll,
a ynoxinul (summoned), an orc warrior (strong), 5 ufetubi, 2 friendly orc
warriors, 2 friendly orc priests, a friendly orc wizard (invisible) and a
friendly orc.

Vanquished Creatures
  An orc warlord (Orc:2)
  5 dire elephants (Lair:6)
  An ettin (Orc:2)
  5 hydras
  A centaur warrior (D:11)
  A two-headed ogre (D:7)
  9 death yaks
  2 orc high priests (Orc:2)
  Urug (Lair:2)
  A spectral anaconda (Lair:6)
  A spectral death yak (Lair:6)
  An obsidian statue (Lair:6)
  4 necromancers (Lair:6)
  2 oklob plants (D:11)
  A manticore (D:9)
  An ugly thing (D:11)
  9 elephants
  An ice statue (Lair:6)
  4 black mambas
  6 cane toads
  3 torpor snails
  A gargoyle (D:11)
  An unseen horror (D:11)
  4 rime drakes
  A freezing wraith (Lair:6)
  9 komodo dragons
  2 hornets (D:9)
  4 polar bears
  2 trolls
  3 slime creatures (Lair:6)
  A spectral elephant (Lair:6)
  8 blink frogs
  Sigmund (D:5)
  A vampire (D:11)
  A wyvern (Lair:1)
  48 yaks
  A wraith (D:10)
  A basilisk (Lair:2)
  4 steam dragons
  A death yak simulacrum (Lair:6)
  A swamp worm (Lair:3)
  A spectral cane toad (Lair:6)
  2 wargs (Orc:2)
  2 nagas (Lair:3)
  9 water moccasins
  Duvessa (D:5)
  13 orc warriors
  A sky beast (D:3)
  7 ice beasts (Lair:6)
  2 black bears
  16 wolves
  3 ogres
  2 centaurs
  An elephant skeleton (Lair:6)
  6 kobold brigands
  A gnoll sergeant (D:5)
  16 bullfrogs
  2 scorpions
  2 cane toad simulacra (Lair:6)
  Dowan (D:5)
  An elephant simulacrum (Lair:6)
  A wyvern skeleton (D:5)
  18 killer bees
  3 wights (D:7)
  2 electric eels
  3 howler monkeys
  A bullfrog zombie (D:4)
  3 centaur zombies
  7 jellies
  6 orc priests
  2 hounds (D:5)
  2 bullfrog skeletons
  3 iguanas
  14 orc wizards
  A hound zombie (D:5)
  A hound skeleton (D:4)
  2 howler monkey zombies
  6 gnolls
  A river rat (Sewer)
  5 adders
  5 white imps
  2 ufetubi
  3 worms
  2 dart slugs
  31 orcs
  14 ball pythons
  13 endoplasms
  6 giant cockroaches
  7 hobgoblins
  11 quokkas
  5 bats
  7 frilled lizards
  9 goblins
  21 kobolds
  11 rats
472 creatures vanquished.

Vanquished Creatures (collateral kills)
  An orc high priest (Orc:2)
  An orc knight (Orc:2)
  A troll (Orc:2)
  3 orc warriors
  An ogre (Orc:2)
  2 orc wizards (Orc:2)
  2 orcs
11 creatures vanquished.

Vanquished Creatures (others)
  2 orc sorcerers (Orc:2)
  5 orc warriors (Orc:2)
  3 orc wizards (Orc:2)
  A howler monkey (D:7)
  3 orc priests
  10 orcs
  48 fungi
  56 plants
  24 withered plants (Lair:6)
152 creatures vanquished.

Grand Total: 635 creatures vanquished

Notes
Turn   | Place    | Note
-------+----------+-------------------------------------------
     0 | D:1      | safid the Hill Orc Fighter began the quest for the Orb.
     0 | D:1      | Reached XP level 1. HP: 19/19 MP: 1/1
    60 | D:1      | Reached XP level 2. HP: 8/27 MP: 2/2
   486 | D:1      | Reached XP level 3. HP: 22/33 MP: 3/3
  1417 | D:2      | Reached XP level 4. HP: 40/40 MP: 4/4
  1617 | D:2      | Found a hide-covered altar of Uskayaw.
  1847 | D:2      | Found Jopaeq's Weapon Shoppe.
  1906 | D:2      | Found a faded altar of an unknown god.
  1906 | D:2      | Noticed a hellion
  2494 | D:3      | Noticed a sky beast
  2500 | D:3      | Reached skill level 5 in Axes
  2508 | D:3      | Killed a sky beast
  2509 | D:3      | Reached XP level 5. HP: 15/46 MP: 5/5
  2789 | D:3      | Reached XP level 6. HP: 46/52 MP: 6/6
  3323 | D:4      | Identified the +7 war axe of the Sugar Beet {protect, rC+
                  | Will+ Int+2}
  3419 | D:4      | HP: 2/52 [something/magic dart (4)]
  3928 | D:4      | Found a staircase to the Ecumenical Temple.
  4240 | D:5      | Entered Level 5 of the Dungeon
  4254 | D:5      | Reached XP level 7. HP: 59/59 MP: 7/7
  4352 | D:5      | Reached skill level 10 in Axes
  4403 | D:5      | Noticed Sigmund
  4428 | D:5      | Killed Sigmund
  4429 | D:5      | Reached XP level 8. HP: 35/66 MP: 8/8
  4477 | D:5      | Found a glowing drain.
  4487 | Sewer    | Entered a sewer
  4680 | Sewer    | Found a viscous altar of Jiyva.
  5224 | D:5      | Noticed Duvessa
  5225 | D:5      | Noticed Dowan
  5233 | D:5      | Killed Duvessa
  5242 | D:5      | Killed Dowan
  6066 | D:6      | Reached XP level 9. HP: 71/71 MP: 9/9
  6091 | D:6      | Found a sparkling altar of Nemelex Xobeh.
  6563 | D:7      | Became a worshipper of Beogh the Brigand
  6611 | D:7      | Reached skill level 15 in Axes
  6862 | D:7      | Noticed a two-headed ogre
  6875 | D:7      | Killed a two-headed ogre
  6876 | D:7      | Reached skill level 5 in Armour
  7568 | D:8      | Reached skill level 5 in Fighting
  7568 | D:8      | Reached XP level 10. HP: 62/81 MP: 10/10
  7716 | D:8      | Reached * piety under Beogh
  9046 | D:9      | Reached ** piety under Beogh
  9197 | D:9      | Noticed a manticore
  9208 | D:9      | Killed a manticore
  9363 | D:9      | Reached XP level 11. HP: 96/97 MP: 11/11
  9496 | D:10     | Entered Level 10 of the Dungeon
  9530 | D:10     | Reached skill level 10 in Fighting
  9533 | D:10     | Reached skill level 10 in Armour
  9784 | D:10     | Found Rily's Antique Weapon Shop.
 10256 | D:11     | Got Sif Muna's Handbook of Dusty Weightlessness
 10314 | D:11     | Found a staircase to the Orcish Mines.
 10323 | D:11     | Noticed an oklob plant
 10451 | D:11     | Noticed an oklob plant
 10503 | D:11     | Noticed a centaur warrior
 10517 | D:11     | Killed a centaur warrior
 10563 | D:11     | Found a staircase to the Lair.
 10577 | D:11     | Noticed a green ugly thing
 10583 | D:11     | Killed a green ugly thing
 10584 | D:11     | Identified the +9 mace of Onaoq {freeze, Dex+2}
 10692 | D:11     | Reached *** piety under Beogh
 11191 | D:11     | Killed an oklob plant
 11238 | D:11     | Killed an oklob plant
 11239 | D:11     | Reached skill level 1 in Invocations
 11284 | Lair:1   | Entered Level 1 of the Lair of Beasts
 11296 | Lair:1   | Found a runed translucent gate.
 11297 | Lair:1   | Found a runed translucent gate.
 11297 | Lair:1   | Noticed Cheops's ghost (journeyman VSFi)
 11298 | Lair:1   | Found a runed translucent gate.
 11344 | Lair:1   | Reached skill level 1 in Dodging
 11377 | Lair:1   | Noticed a five-headed hydra
 11388 | Lair:1   | Killed a ten-headed hydra
 11571 | Lair:1   | Reached XP level 12. HP: 111/112 MP: 13/15
 11606 | Lair:1   | Reached skill level 5 in Invocations
 12109 | Lair:2   | Noticed Urug
 12109 | Lair:2   | Noticed a seven-headed hydra
 12294 | Lair:2   | Killed a seven-headed hydra
 12455 | Lair:2   | Reached skill level 10 in Invocations
 12828 | Lair:2   | Killed Urug
 12910 | Lair:2   | Reached skill level 1 in Evocations
 13164 | Lair:3   | Found a staircase to the Snake Pit.
 13217 | Lair:3   | Noticed a death yak
 13218 | Lair:3   | Noticed a death yak
 13218 | Lair:3   | Noticed a death yak
 13231 | Lair:3   | Noticed a death yak
 13231 | Lair:3   | Noticed a death yak
 13311 | Lair:2   | Killed a death yak
 13314 | Lair:2   | Killed a death yak
 13337 | Lair:2   | Killed a death yak
 13337 | Lair:2   | Killed a death yak
 13380 | Lair:3   | Killed a death yak
 13607 | Lair:3   | Reached XP level 13. HP: 118/118 MP: 22/22
 13719 | Lair:3   | Found a staircase to the Swamp.
 13819 | Lair:3   | Reached skill level 5 in Evocations
 14307 | Lair:4   | Identified the +0 leather armour of Love and Death {Fly
                  | rN+}
 14875 | Lair:4   | Reached **** piety under Beogh
 16289 | Lair:6   | Entered Level 6 of the Lair of Beasts
 16310 | Lair:6   | Reached skill level 15 in Invocations
 16438 | Lair:6   | Found a staircase to the Slime Pits.
 16722 | Lair:6   | Reached XP level 14. HP: 126/126 MP: 15/25
 16958 | Lair:6   | Noticed a dire elephant
 16958 | Lair:6   | Noticed a dire elephant
 16958 | Lair:6   | Noticed a dire elephant
 16959 | Lair:6   | Noticed a dire elephant
 17461 | Lair:6   | Killed a dire elephant
 17677 | Lair:6   | Killed a dire elephant
 17695 | Lair:6   | Killed a dire elephant
 17827 | Lair:6   | Killed a dire elephant
 17981 | Lair:6   | Noticed a dire elephant
 18085 | Lair:6   | Killed a dire elephant
 18418 | Orc:1    | Entered Level 1 of the Orcish Mines
 18470 | Orc:1    | Reached ***** piety under Beogh
 18673 | Orc:2    | Entered Level 2 of the Orcish Mines
 18673 | Orc:2    | Found Qixzat's Antique Armour Shop.
 18741 | Orc:2    | Found Qynelol's Magic Scroll Emporium.
 18747 | Orc:2    | Bought a scroll of identify for 30 gold pieces
 18747 | Orc:2    | Bought a scroll of identify for 30 gold pieces
 18747 | Orc:2    | Bought a scroll of amnesia for 52 gold pieces
 18747 | Orc:2    | Bought a scroll of identify for 30 gold pieces
 18939 | Orc:2    | Found Nuezyup's Jewellery Shoppe.
 19038 | Orc:2    | Found a staircase to the Elven Halls.
 19048 | Orc:2    | Noticed an orc warlord
 19063 | Orc:2    | Killed an orc warlord
 19065 | Orc:2    | Slain by an orc knight

Illustrated notes

Levels and vault maps discovered:
D:1:      scummos_arrival_simple_fountains, layout_basic,
          amcnicky_mini_pool_small
D:2:      layout_basic, dreamdust_ecumenical_altar_sealed_demon, basic_altar,
          serial_shops, nicolae_shop_statue_plus, minmay_tiny_reverse_x
D:3:      wad_woods_tower, layout_basic, kennysheep_cross_room,
          minmay_diced_spiral
D:4:      layout_loops_ring, minmay_temple_entry_glassed_door
D:5:      layout_loops_ring, cheibrodos_sewer_entry_bend, serial_aquarium,
          aquarium_bridge_square [aquarium_subvault_balcony,
          aquarium_subvault_window, aquarium_subvault_wall,
          aquarium_subvault_bridge], aquarium_bridge_straight
          [aquarium_subvault_bridge, aquarium_subvault_wall,
          aquarium_subvault_bridge, aquarium_subvault_wall], aquarium_window_1,
          aquarium_window_1, aquarium_window_fake, aquarium_view_2g,
          aquarium_view_2d, uniq_duvessa, uniq_sigmund
D:6:      layout_basic, nemelex_spade_bored_becter, minmay_tree_intersection,
          nicolae_underground_beach
D:7:      layout_basic, grunt_ministairs_3
D:8:      layout_loops_corners
D:9:      layout_roguey, eino_jars
D:10:     layout_cave_pools, serial_shops, shop, minmay_unpleasant_kobolds
D:11:     layout_irregular_city, dpeg_oklobed_lair, orc_0_dummy
Lair:1:   layout_concentric_octagons, gammafunk_ghost_split,
          serial_bayou_shore_a
Lair:2:   layout_regular_city, chequers_serial_rivers_large_b,
          grunt_megastairs_1, uniq_urug
Lair:3:   layout_hall_layers, minmay_swamp_entry_worms,
          guppyfry_snake_entry_island, minivault_23,
          chequers_serial_rivers_micro_c, infiniplex_staircase_pool,
          lemuel_fruit_fields
Lair:4:   layout_regular_city, grunt_megastairs_2
Lair:5:   layout_cave_pods
Lair:6:   due_jungle_book, layout_gridlike, minmay_slime_entry_pillars,
          ice2_lemuel, lemuel_fruit_tree
Orc:1:    nicolae_orc_accident_1, layout_caves
Orc:2:    grunt_orc_gardens, layout_caves, grunt_orc_garden, grunt_orc_garden,
          grunt_orc_garden, grunt_orc_garden, serial_shops, nicolae_square_shop

Skill      XL: |  1  2  3  4  5  6  7  8  9 10 11 12 13 14 |
---------------+-------------------------------------------+-----
Axes           | 3 6 8 11 13 16 | 16.0
Fighting       | 4 5 9 12 13 | 13.2
Shields        | 4 |  4.0
Armour         | 4 6 9 11 12 13 | 13.0
Invocations    | 4 12 15 16 | 16.7
Dodging        | 2 |  2.0
Evocations     | 4 8 9 |  9.3

Action                   |  1- 3 |  4- 6 |  7- 9 | 10-12 | 13-15 || total
-------------------------+-------+-------+-------+-------+-------++-------
Melee: War axe           |    92 |   172 |   240 |   501 |   791 ||  1796
Throw: Dart              |       |       |     3 |    30 |    15 ||    48
Invok: Convert to Beogh  |       |       |     1 |       |       ||     1
       Smiting           |       |       |       |     6 |    13 ||    19
  Use: Potion            |       |       |     1 |       |     5 ||     6
       Scroll            |       |       |     5 |     6 |     6 ||    17
 Stab: Distracted        |       |       |       |       |     2 ||     2
Armor: Scale mail        |    56 |    90 |    51 |       |       ||   197
       Pearl dragon scal |       |       |    48 |   335 |   435 ||   818
Dodge: Dodged            |    38 |    80 |    81 |   238 |   307 ||   744
       Repelled          |       |       |     3 |     6 |     9 ||    18
Block: Buckler           |    20 |    33 |    40 |    96 |   118 ||   307
